 Dungeon Crawl Stone Soup version 0.28.0-53-g5a82cb258f (webtiles) character file.

Game seed: 9537185901348380782

728 safid the Cleaver (level 7, 0/59 HPs)
             Began as a Hill Orc Fighter on July 2, 2022.
             Was an Initiate of Beogh.
             Slain by an ogre
             ... wielding a +0 giant club
              (17 damage)
             ... on level 4 of the Dungeon.
             The game lasted 00:05:38 (5183 turns).

safid the Cleaver (Hill Orc Fighter)                Turns: 5183, Time: 00:05:39

Health: 0/59       AC:  7    Str: 21    XL:     7   Next: 72%
Magic:  7/7        EV:  9    Int:  8    God:    Beogh [......]
Gold:   339        SH:  4    Dex: 10    Spells: 6/6 levels left

rFire   . . .      SeeInvis .   a - +0 war axe
rCold   . . .      Faith    .   c - +0 buckler
rNeg    . . .      Spirit   .   b - +0 scale mail
rPois   .          Reflect  .   (no helmet)
rElec   .          Harm     .   (no cloak)
rCorr   .          Rampage  .   (no gloves)
Will    .....                   (no boots)
Stlth   ..........              (no amulet)
HPRegen 0.19/turn               (no ring)
MPRegen 0.10/turn               (no ring)

@: no status effects
A: no striking features
a: Renounce Religion


You were on level 4 of the Dungeon.
You worshipped Beogh.
Beogh was noncommittal.
You visited 1 branch of the dungeon, and saw 4 of its levels.
You also visited: Sewer.

You collected 339 gold pieces.

Inventory:

Hand Weapons
 a - a +0 war axe (weapon)
Armour
 b - a +0 scale mail (worn)
 c - a +0 buckler (worn)
Jewellery
 m - an amulet of reflection
 n - a ring of wizardry
Wands
 l - a wand of flame (12)
 s - a wand of polymorph (7)
 x - a wand of iceblast (8)
Scrolls
 h - 4 scrolls of identify {unknown}
 q - 2 scrolls of vulnerability {unknown}
 r - a scroll of summoning {unknown}
 t - a scroll of magic mapping {unknown}
 u - a scroll of enchant armour {unknown}
 v - 2 scrolls of teleportation {unknown}
 w - 3 scrolls of immolation {unknown}
Potions
 d - 3 potions of might
 e - 2 potions of heal wounds {unknown}
 f - 9 potions of curing {unknown}
 g - 2 potions of lignification {unknown}
 i - a potion of magic {unknown}
 j - a potion of mutation {unknown}
 k - 2 potions of degeneration {unknown}
 o - a potion of berserk rage {unknown}
 p - a potion of brilliance {unknown}


   Skills:
 - Level 4.0 Fighting
 + Level 10.3 Axes
 - Level 4.0 Armour
 - Level 4.0 Shields


You had 6 spell levels left.
You didn't know any spells.
Your spell library contained the following spells:

 Spells                   Type           Power      Damage    Failure   Level
 Blink                    Tloc           0%         N/A       92%         2
 Manifold Assault         Tloc           0%         N/A       100%        5
 Storm Form               Tmut/Air       0%         N/A       100%        7


Dungeon Overview and Level Annotations

Branches:
Dungeon (4/15)              Sewer (visited)
 Temple: D:4-7

Altars:

Annotations:
D:2 1 runed translucent door, Crazy Yiuf


Message History

You feel sick.
You feel sick.
You are no longer poisoned.
HP restored.
You now have 339 gold pieces (gained 19).
A hobgoblin comes into view.
The hobgoblin shouts!
A hobgoblin is nearby!
A hobgoblin is nearby!
A hobgoblin is nearby!
The hobgoblin hits you.
You slash the hobgoblin!
You kill the hobgoblin!
Beogh accepts your kill.
No target in view!
No target in view!
No target in view!
No target in view!
No target in view!
No target in view!
No target in view!
No target in view!
No target in view!
No target in view!
No target in view!
You see here a hobgoblin corpse.
Found a robe.
You see here a +0 robe.
An ogre comes into view. It is wielding a +0 giant club.
The ogre shouts!
You barely miss the ogre.
The ogre hits you with a +0 giant club!!
You hit the ogre.
The ogre is lightly wounded.
The ogre hits you with a +0 giant club!
* * * LOW HITPOINT WARNING * * *
You hit the ogre.
The ogre is moderately wounded.
The ogre hits you with a +0 giant club!
You die...

#..####################....
#..# .........[### #....
#..# ####.......)..# #....
#..# #........<[[..# #....
#..# .............# #....
#..# ####..........# #####
#..# ..............# #..#
###..........#
#..######.@O.......#
#..................#
#.#######..........# #.
#..........# #.
############ #. #.
#.#########################
#..........................


You could see an ogre.

Vanquished Creatures
  Sigmund (D:2)
  Pargi (Sewer)
  An ice beast (D:4)
  A bullfrog zombie (D:3)
  Ijyb (D:4)
  2 orc wizards (D:4)
  4 adders
  9 gnolls (D:3)
  4 worms
  2 dart slugs
  6 orcs
  3 bats
  8 endoplasms
  3 giant cockroaches
  33 hobgoblins
  2 jackals (Sewer)
  4 quokkas
  7 ball pythons
  A frilled lizard (D:3)
  33 goblins
  5 kobolds
  5 rats
136 creatures vanquished.

Vanquished Creatures (others)
  An orc priest (D:4)
  An orc (D:4)
2 creatures vanquished.

Grand Total: 138 creatures vanquished

Notes
Turn   | Place    | Note
-------+----------+-------------------------------------------
     0 | D:1      | safid the Hill Orc Fighter began the quest for the Orb.
     0 | D:1      | Reached XP level 1. HP: 19/19 MP: 1/1
   142 | D:1      | Reached skill level 3 in Axes
   142 | D:1      | Reached XP level 2. HP: 27/27 MP: 2/2
   543 | D:1      | Reached XP level 3. HP: 32/33 MP: 3/3
   696 | D:1      | Found a faded altar of an unknown god.
  1471 | D:2      | Noticed Sigmund
  1485 | D:2      | Killed Sigmund
  1486 | D:2      | Reached skill level 6 in Axes
  1486 | D:2      | Reached XP level 4. HP: 22/40 MP: 4/4
  1486 | D:2      | Reached XP level 5. HP: 26/46 MP: 5/5
  1720 | D:2      | Found a runed translucent door.
  1721 | D:2      | Noticed Crazy Yiuf
  1954 | D:3      | Reached skill level 7 in Axes
  1954 | D:3      | Reached XP level 6. HP: 40/52 MP: 6/6
  2717 | D:3      | Reached skill level 8 in Axes
  3878 | D:4      | Reached XP level 7. HP: 49/59 MP: 7/7
  4000 | D:4      | Reached skill level 9 in Axes
  4037 | D:4      | Became a worshipper of Beogh the Brigand
  4049 | D:4      | Noticed Ijyb
  4060 | D:4      | Killed Ijyb
  4359 | D:4      | Found a glowing drain.
  4377 | Sewer    | Entered a sewer
  4463 | Sewer    | Noticed Pargi
  4489 | Sewer    | Killed Pargi
  4490 | Sewer    | Reached skill level 10 in Axes
  5183 | D:4      | Slain by an ogre

Illustrated notes

Levels and vault maps discovered:
D:1:      elethiomel_arrival_infinity_welcomes_careful_drivers, layout_basic,
          shapermc_ecumenical_altar_mp_urbaneastern
D:2:      layout_basic, chequers_serial_rivers_marsh, uniq_sigmund,
          uniq_crazy_yiuf_cottage
D:3:      minmay_goblin_kobold_castle, layout_loops_ring, serial_rivers,
          chequers_serial_rivers_room_a, chequers_serial_rivers_micro_c,
          chequers_serial_rivers_micro_c, chequers_serial_rivers_micro_d,
          chequers_serial_rivers_room_b, chequers_serial_rivers_large_a,
          minmay_cut_off
D:4:      layout_basic, cheibrodos_sewer_entry_bend, uniq_ijyb

Skill      XL: |  1  2  3  4  5  6  7 |
---------------+----------------------+-----
Axes           | 3 6 7 8 10 | 10.3
Fighting       | 4 |  4.0
Armour         | 4 |  4.0
Shields        | 4 |  4.0

Action                   |  1- 3 |  4- 6 |  7- 9 || total
-------------------------+-------+-------+-------++-------
Melee: War axe           |    90 |   149 |    91 ||   330
Invok: Convert to Beogh  |       |       |     1 ||     1
  Use: Potion            |     1 |       |     1 ||     2
Armor: Scale mail        |    28 |    67 |    53 ||   148
Dodge: Dodged            |    49 |    83 |    39 ||   171
Block: Buckler           |    18 |    49 |    28 ||    95
